 Dungeon Crawl Stone Soup version 0.27-a0-1502-g47ed6a6988 (webtiles) character file.

Game seed: 7539605313270004484

444 dracfodder the Magician (level 7, 0/49 HPs)
             Began as a Djinni Fire Elementalist on July 8, 2021.
             Slain by a gnoll (13 damage)
             ... on level 5 of the Dungeon.
             The game lasted 00:36:19 (5014 turns).

dracfodder the Magician (Djinni Fire Elementalist)  Turns: 5014, Time: 00:36:21

Health: 0/49       AC:  4    Str:  7    XL:     7   Next: 23%
Gold:   838        EV: 13    Int: 19    God:
                   SH:  0    Dex: 13

rFire    + + .     SeeInvis +   a - +0 dagger (drain)
rCold    x . .     Faith    .   (no shield)
rNeg     . . .     Spirit   .   c - +0 robe
rPois    ∞         Reflect  .   (no helmet)
rElec    .         Harm     .   (no cloak)
rCorr    .         Rampage  .   d - +1 pair of gloves
Will     .....     Rnd*Rage +   (boots unavailable) Stlth ++........Rnd*Tele +
                                (no amulet)
HPRegen  0.16/turn              j - ring of wizardry
MPRegen  0.00/turn              (no ring)

@: unable to read, flying
A: sickness immunity, fire resistance 2, cold vulnerability 1, float, innate
caster, hp casting, extra vitality 1, see invisible, berserk 1, teleportitis 1,
inability to read while threatened
a: no special abilities


You were on level 5 of the Dungeon.
You visited 1 branch of the dungeon, and saw 5 of its levels.

You collected 838 gold pieces.

Inventory:

Hand Weapons
 a - a +0 dagger of draining (weapon)
 b - a +0 hunting sling of flaming
Missiles
 e - 92 stones
 f - 40 sling bullets
 g - 4 atropa-tipped darts
 l - 2 throwing nets
Armour
 c - a +0 robe (worn)
 d - a +1 pair of gloves (worn)
Jewellery
 j - a ring of wizardry (left hand)
Wands
 h - a wand of polymorph (10)
Scrolls
 i - 2 scrolls of identify
Potions
 m - 2 potions of cancellation
 n - a potion of heal wounds
 o - a potion of curing {unknown}


   Skills:
 * Level 2.6 Fighting
 + Level 0.2 Short Blades
 + Level 0.2(0.3) Slings
 + Level 0.1(0.2) Throwing
 + Level 3.1 Dodging
 + Level 2.7 Stealth
 + Level 4.7 Spellcasting


You couldn't memorise any spells.
You knew the following spells:

 Your Spells              Type           Power      Damage    Failure   Level
a - Foxfire               Conj/Fire      88%        2x1d8     1%          1
b - Conjure Flame         Conj/Fire      22%        6-21      2%          3
c - Inner Flame           Hex/Fire       22%        N/A       2%          3
d - Sticky Flame          Conj/Fire      22%        2d4       8%          4
e - Fireball              Conj/Fire      11%        3d7       21%         5
f - Corona                Hex            24%        N/A       1%          1
g - Call Imp              Summ           22%        N/A       1%          2
h - Portal Projectile     Hex/Tloc       44%        N/A       2%          3
Your spell library was empty.

Dungeon Overview and Level Annotations

Branches:
Dungeon (5/15)
 Temple: D:4-7

Altars:
Cheibriados
Sif Muna


Innate Abilities, Weirdness & Mutations

You are immune to sickness and miasma.
You are immune to poison.
Your flesh is very heat resistant. (rF++)
You are vulnerable to cold. (rC-)
You float through the air rather than walking.
You learn spells naturally, not from books.
Your magical power is your life essence.
You have superior vitality. (+4 HP)
You have supernaturally acute eyesight. (SInv)
You tend to lose your temper in combat.
You are occasionally teleported next to monsters.
You sometimes lose the ability to read scrolls when taking damage.


Message History

The gnoll sergeant is lightly wounded.
The foxfire hits the gnoll sergeant but does no damage.
The gnoll sergeant is lightly wounded.
The gnoll sergeant misses you. The gnoll misses you.
Casting: Foxfire (safe; 1% risk of failure)
Confirm with . or Enter, or press ? or * to list all spells.
You conjure some foxfire!
The foxfire hits the gnoll sergeant.
The gnoll sergeant is lightly wounded.
The gnoll sergeant hits you from afar with a +0 trident.
The gnoll closely misses you.
The foxfire hits the gnoll sergeant but does no damage.
The gnoll sergeant is lightly wounded.
The foxfire hits the gnoll sergeant.
The gnoll sergeant is lightly wounded.
The foxfire hits the gnoll sergeant.
The gnoll sergeant is moderately wounded.
The gnoll sergeant closely misses you. The gnoll completely misses you.
Casting: Foxfire (safe; 1% risk of failure)
Confirm with . or Enter, or press ? or * to list all spells.
You conjure some foxfire!
The gnoll sergeant hits you from afar with a +0 trident!
You feel threatened and lose the ability to read scrolls!
The gnoll hits you from afar with a +0 halberd!
Casting: Foxfire (safe; 1% risk of failure)
Confirm with . or Enter, or press ? or * to list all spells.
You conjure some foxfire!
The foxfire hits the gnoll sergeant!
The gnoll sergeant is severely wounded.
The foxfire hits the gnoll sergeant.
The gnoll sergeant is severely wounded.
The gnoll sergeant hits you from afar with a +0 trident!
* * * LOW HITPOINT WARNING * * *
The iguana hisses menacingly.
The gnoll misses you.
The foxfire hits the gnoll sergeant but does no damage.
The gnoll sergeant is severely wounded.
The foxfire hits the gnoll sergeant.
The gnoll sergeant is severely wounded.
The gnoll sergeant misses you.
The gnoll hits you from afar with a +0 halberd!
You die...

................#.........#
#.......#.......#.........#
..........#####.####.##...#
#.....#.#....##.####.##...#
......l..g.<..............#
#...#.#.#gl...............#
..........§...............#
#.#.#.#.#g##......#..#....#
....(...g.@##########....#
.....+.....§§# #.....#
.....#....§§.# #.....# ....
#.......# #.....# ####
######### #######


You could see a gnoll sergeant, an iguana and a gnoll.

Vanquished Creatures
  An ogre (D:5)
  2 water moccasin skeletons (D:4)
  3 orc wizards
  A mummy (D:4)
  5 gnolls
  3 adders
  A howler monkey skeleton (D:3)
  2 adder skeletons (D:4)
  A worm (D:2)
  2 dart slugs
  5 orcs
  6 bats
  4 endoplasms
  7 giant cockroaches
  4 goblins
  A hobgoblin (D:3)
  14 jackals
  5 kobolds
  2 quokkas (D:3)
  7 ball pythons
  A ball python skeleton (D:3)
  A quokka skeleton (D:3)
  4 rats
82 creatures vanquished.

Vanquished Creatures (collateral kills)
  An orc (D:4)
1 creature vanquished.

Vanquished Creatures (others)
  294 foxfires
294 creatures vanquished.

Grand Total: 377 creatures vanquished

Notes
Turn   | Place    | Note
-------+----------+-------------------------------------------
     0 | D:1      | dracfodder the Djinni Fire Elementalist began the quest for
                  | the Orb.
     0 | D:1      | Reached XP level 1. HP: 15/15 MP: 0/0
   329 | D:1      | Reached XP level 2. HP: 20/21 MP: 0/0
   591 | D:1      | Found a faded altar of an unknown god.
  1018 | D:2      | Reached skill level 3 in Spellcasting
  1256 | D:2      | Reached XP level 3. HP: 24/25 MP: 0/0
  1256 | D:2      | Learned a level 1 spell: Corona
  1465 | D:3      | Gained mutation: You tend to lose your temper in combat.
                  | [potion of mutation]
  1465 | D:3      | Gained mutation: You are occasionally teleported next to
                  | monsters. [potion of mutation]
  1465 | D:3      | Gained mutation: You sometimes lose the ability to read
                  | scrolls when taking damage. [potion of mutation]
  1465 | D:3      | Gained mutation: You have supernaturally acute eyesight.
                  | (SInv) [potion of mutation]
  2044 | D:3      | Reached XP level 4. HP: 24/31 MP: 0/0
  2157 | D:3      | Identified a scroll of acquirement
  2157 | D:3      | Acquired 654 gold pieces
  2415 | D:2      | Reached skill level 1 in Fighting
  3170 | D:5      | Entered Level 5 of the Dungeon
  3179 | D:4      | Reached XP level 5. HP: 34/37 MP: 0/0
  3179 | D:4      | Learned a level 2 spell: Call Imp
  3606 | D:4      | Reached skill level 4 in Spellcasting
  3666 | D:4      | Reached XP level 6. HP: 34/43 MP: 0/0
  4138 | D:4      | Found a snail-covered altar of Cheibriados.
  4504 | D:5      | Noticed an ogre
  4516 | D:5      | Killed an ogre
  4517 | D:5      | Reached XP level 7. HP: 40/49 MP: 0/0
  4517 | D:5      | Learned a level 3 spell: Portal Projectile
  5014 | D:5      | Slain by a gnoll

Illustrated notes

Levels and vault maps discovered:
D:1:      onia_arrival_pentagram, layout_basic,
          shapermc_ecumenical_altar_ellora, amethyst_killhole, st_stairs_14
D:2:      layout_basic, minmay_worlds_worst_comb
D:3:      layout_basic, lemuel_crystal_altar, serial_undead, serial_undead_f,
          serial_undead_e, serial_undead_c, serial_undead_e,
          mrwooster_statue_mirror
D:4:      layout_gridville, slow_altar_1
D:5:      layout_gridville, hangedman_decor_riveting

Skill      XL: |  1  2  3  4  5  6 |
---------------+-------------------+-----
Spellcasting   | 3 4 |  4.7
Stealth        | 2 |  2.7
Fighting       | 1 2 |  2.6
Dodging        | 3 |  3.1
Short Blades   | |  0.2
Slings         | |  0.2
Throwing       | |  0.1

Action                   |  1- 3 |  4- 6 |  7- 9 || total
-------------------------+-------+-------+-------++-------
Melee: Dagger            |    10 |    18 |     4 ||    32
 Fire: Hunting sling     |       |     8 |       ||     8
Throw: Dart              |       |     3 |       ||     3
 Cast: Foxfire           |    52 |   100 |    14 ||   166
       Corona            |     3 |     9 |       ||    12
       Call Imp          |       |     4 |     2 ||     6
       Sticky Flame      |       |     3 |       ||     3
Evoke: Wand              |       |     1 |       ||     1
  Use: Potion            |     2 |     1 |       ||     3
       Scroll            |       |     8 |       ||     8
 Stab: Sleeping          |       |     2 |       ||     2
Armor: Robe              |     1 |     7 |     2 ||    10
Dodge: Dodged            |     9 |     9 |    17 ||    35

Table legend: (Time is in decaauts)
 A = Elapsed time spent in this place.
 B = Non-inter-level travel time spent in this place.
 C = Inter-level travel time spent in this place.
 D = Time resting spent in this place.
 E = Time spent auto-exploring this place.
 F = Levels seen in this place.
 G = Mean time per level.
                   A        B        C        D        E       F      G
               +--------+--------+--------+--------+--------+-----+--------+
         Total |   5022 |   4840 |    182 |   1679 |   2237 |   5 | 1004.4 |
       Dungeon |   5022 |   4840 |    182 |   1679 |   2237 |   5 | 1004.4 |
               +--------+--------+--------+--------+--------+-----+--------+

Top non-repeatable levels by time:
     D:4: 1562 daAuts
     D:2: 1136 daAuts
     D:3: 1081 daAuts
     D:1: 875 daAuts
     D:5: 367 daAuts
